[ AOE2 MATCH · #506624578 ]
UnrankedTeutons vs Burmese
Player's team · WIN
Rival team · LOSS
[ REPLAY ANALYSIS · EXTRACTED FROM THE RECORDED GAME ]
Feudal
9:16
Castle
22:43
Imperial
37:58
| APM avg | 32.0 |
| APM peak | 84 |
| eAPM avg | 18.3 |
| Villagers / military | 140 / 18 |
Focus
⚔️ 25.5% · 🌾 74.5%
Monk ×6 · Militia ×4 · Teutonic Knight ×3 · Scout Cavalry ×2 · Mangonel ×1 · Spearman ×1
Feudal
10:39
Castle
14:39
Imperial
—
| APM avg | 42.2 |
| APM peak | 74 |
| eAPM avg | 19.8 |
| Villagers / military | 71 / 32 |
Focus
⚔️ 27.1% · 🌾 72.9%
Arambai ×16 · Monk ×10 · Mangonel ×5 · Battering Ram ×1
Match map
Initial resources + every placement click. Lines = walls · curves = elevation contours. ◆ gold · ⬟ stone · ● berries · ✦ relic · ◌ wall gap
Your base· ✓ Closed at 22:43 · 19t walls · 1 gate(s)
ConsciousCactus's base· Open — 5t gap
Smoothed initial terrain · ◌ = detected wall gap · hover for details
Inputs per minute
— moneymickey - - ConsciousCactus
Build order — moneymickey
First 150 of 295 actions detected
| 0:01 | Queue | Villager (Male) |
| 0:02 | Build | House |
| 0:06 | Build | House |
| 0:11 | Queue | Villager (Male) |
| 0:26 | Queue | Villager (Male) |
| 0:54 | Queue | Villager (Male) |
| 1:24 | Queue | Villager (Male) |
| 1:51 | Queue | Villager (Male) |
| 2:11 | Build | Lumber Camp |
| 2:26 | Queue | Villager (Male) |
| 2:47 | Queue | Villager (Male) |
| 3:11 | Queue | Villager (Male) |
| 3:34 | Queue | Villager (Male) |
| 3:51 | Build | House |
| 3:52 | Build | House |
| 3:58 | Queue | Villager (Male) |
| 3:59 | Queue | Villager (Male) |
| 4:35 | Queue | Villager (Male) |
| 4:44 | Build | Mill |
| 4:46 | Queue | Villager (Male) |
| 5:23 | Build | Palisade Wall |
| 5:26 | Build | Palisade Wall |
| 5:28 | Build | Palisade Wall |
| 5:35 | Queue | Villager (Male) |
| 5:36 | Queue | Villager (Male) |
| 5:58 | Research | Loom |
| 6:31 | Build | Mining Camp |
| 7:01 | Research | Feudal Age |
| 7:58 | Queue | Villager (Male) |
| 8:13 | Queue | Villager (Male) |
| 8:23 | Build | Palisade Wall |
| 8:25 | Build | Palisade Wall |
| 8:26 | Build | Palisade Wall |
| 8:30 | Build | Palisade Wall |
| 8:32 | Queue | Villager (Male) |
| 8:51 | Build | House |
| 8:52 | Queue | Villager (Male) |
| 9:01 | Queue | Villager (Male) |
| 9:16 | Age | Feudal Age |
| 9:20 | Research | Town Watch |
| 9:21 | Research | Double-Bit Axe |
| 9:21 | Queue | Villager (Male) |
| 9:45 | Build | Barracks |
| 9:46 | Queue | Villager (Male) |
| 9:56 | Queue | Villager (Male) |
| 10:00 | Build | House |
| 10:10 | Queue | Spearman |
| 10:21 | Build | Watch Tower |
| 10:25 | Build | Stone Wall |
| 10:26 | Queue | Villager (Male) |
| 10:41 | Build | Stone Wall |
| 10:47 | Queue | Villager (Male) |
| 10:50 | Build | Farm |
| 10:52 | Build | Farm |
| 11:01 | Queue | Villager (Male) |
| 11:13 | Build | Stone Wall |
| 11:20 | Build | Watch Tower |
| 11:24 | Build | Stone Wall |
| 11:29 | Build | Stone Wall |
| 11:29 | Queue | Villager (Male) |
| 11:49 | Build | Watch Tower |
| 12:22 | Queue | Villager (Male) |
| 12:25 | Build | Blacksmith |
| 12:30 | Queue | Villager (Male) |
| 12:42 | Queue | Villager (Male) |
| 12:51 | Queue | Villager (Male) |
| 13:17 | Build | Outpost |
| 13:23 | Build | Farm |
| 13:25 | Build | Farm |
| 13:26 | Build | Farm |
| 13:32 | Build | House |
| 13:49 | Build | Watch Tower |
| 14:01 | Research | Fletching |
| 14:02 | Queue | Villager (Male) |
| 14:17 | Queue | Villager (Male) |
| 14:19 | Queue | Villager (Male) |
| 14:21 | Build | Farm |
| 14:33 | Build | Stone Wall |
| 14:34 | Build | Stone Wall |
| 14:36 | Queue | Villager (Male) |
| 15:00 | Build | House |
| 15:01 | Queue | Villager (Male) |
| 15:08 | Build | Mining Camp |
| 15:14 | Build | Outpost |
| 15:24 | Queue | Villager (Male) |
| 15:34 | Queue | Villager (Male) |
| 15:52 | Build | Watch Tower |
| 16:06 | Queue | Villager (Male) |
| 16:12 | Queue | Villager (Male) |
| 16:17 | Queue | Villager (Male) |
| 16:19 | Build | Farm |
| 16:30 | Build | Stone Wall |
| 16:33 | Build | Stone Wall |
| 16:34 | Build | Stone Wall |
| 16:44 | Queue | Villager (Male) |
| 16:55 | Queue | Villager (Male) |
| 16:58 | Build | House |
| 16:59 | Build | House |
| 17:02 | Build | Farm |
| 17:03 | Build | Farm |
| 17:25 | Build | Watch Tower |
| 17:28 | Queue | Villager (Male) |
| 17:33 | Build | Mining Camp |
| 17:39 | Queue | Villager (Male) |
| 17:51 | Queue | Villager (Male) |
| 17:56 | Queue | Villager (Male) |
| 18:02 | Build | House |
| 18:03 | Build | House |
| 18:04 | Queue | Villager (Male) |
| 18:13 | Queue | Villager (Male) |
| 18:28 | Build | Stone Wall |
| 18:32 | Build | Stone Wall |
| 18:33 | Queue | Villager (Male) |
| 18:49 | Queue | Villager (Male) |
| 18:55 | Build | Market |
| 19:02 | Research | Stone Mining |
| 19:02 | Queue | Villager (Male) |
| 19:03 | Queue | Villager (Male) |
| 19:08 | Build | Gate |
| 19:10 | Build | House |
| 19:12 | Queue | Villager (Male) |
| 19:26 | Queue | Villager (Male) |
| 19:27 | Queue | Villager (Male) |
| 19:46 | Build | Watch Tower |
| 20:03 | Research | Castle Age |
| 20:04 | Build | Farm |
| 21:02 | Research | Man-at-Arms (upgrade) |
| 21:04 | Queue | Militia |
| 21:04 | Queue | Militia |
| 21:05 | Queue | Villager (Male) |
| 21:19 | Build | Watch Tower |
| 21:36 | Build | Watch Tower |
| 21:42 | Queue | Villager (Male) |
| 21:50 | Queue | Militia |
| 22:00 | Research | Gold Mining |
| 22:43 | Age | Castle Age |
| 22:48 | Queue | Villager (Male) |
| 23:04 | Queue | Villager (Male) |
| 23:08 | Queue | Villager (Male) |
| 23:10 | Queue | Villager (Male) |
| 23:18 | Queue | Militia |
| 23:32 | Research | Bodkin Arrow |
| 23:32 | Research | Bodkin Arrow |
| 24:14 | Queue | Villager (Male) |
| 24:15 | Queue | Villager (Male) |
| 24:20 | Build | University |
| 24:24 | Build | Mining Camp |
| 24:25 | Queue | Villager (Male) |
| 24:33 | Build | Stone Wall |
| 24:37 | Queue | Villager (Male) |
Build order — ConsciousCactus
First 150 of 160 actions detected
| 0:01 | Queue | Villager (Male) ×4 |
| 0:04 | Build | House |
| 0:06 | Build | House |
| 1:36 | Queue | Villager (Male) |
| 1:57 | Queue | Villager (Male) |
| 2:12 | Build | Lumber Camp |
| 2:30 | Queue | Villager (Male) |
| 2:52 | Queue | Villager (Male) |
| 3:20 | Queue | Villager (Male) |
| 3:21 | Queue | Villager (Male) |
| 3:47 | Queue | Villager (Male) |
| 3:47 | Queue | Villager (Male) |
| 3:52 | Build | House |
| 4:17 | Queue | Villager (Male) |
| 4:17 | Queue | Villager (Male) |
| 4:31 | Queue | Villager (Male) |
| 5:03 | Queue | Villager (Male) |
| 5:07 | Build | Mill |
| 5:09 | Queue | Villager (Male) |
| 5:39 | Queue | Villager (Male) |
| 5:45 | Build | House |
| 6:03 | Queue | Villager (Male) |
| 6:41 | Queue | Villager (Male) |
| 7:01 | Queue | Villager (Male) |
| 7:08 | Queue | Villager (Male) |
| 7:16 | Build | Mining Camp |
| 7:37 | Research | Loom |
| 8:14 | Queue | Villager (Male) |
| 8:29 | Research | Feudal Age |
| 9:07 | Queue | Villager (Male) |
| 9:07 | Queue | Villager (Male) |
| 10:39 | Age | Feudal Age |
| 10:46 | Build | Blacksmith |
| 10:49 | Build | Market |
| 10:56 | Build | Watch Tower |
| 11:22 | Queue | Villager (Male) |
| 11:59 | Research | Castle Age |
| 13:20 | Build | House |
| 14:35 | Queue | Villager (Male) |
| 14:35 | Queue | Villager (Male) |
| 14:39 | Age | Castle Age |
| 14:44 | Research | Fletching |
| 15:07 | Build | Castle |
| 15:23 | Build | Farm |
| 15:29 | Build | Mining Camp |
| 16:06 | Build | Lumber Camp |
| 16:39 | Build | Farm |
| 17:10 | Build | Lumber Camp |
| 17:42 | Build | House |
| 17:59 | Build | Siege Workshop |
| 18:02 | Queue | Arambai |
| 18:04 | Queue | Villager (Male) |
| 18:36 | Queue | Arambai |
| 18:44 | Queue | Mangonel |
| 19:02 | Queue | Arambai |
| 19:22 | Build | Mill |
| 19:48 | Queue | Mangonel |
| 20:56 | Queue | Villager (Male) |
| 20:59 | Queue | Arambai |
| 20:59 | Queue | Arambai |
| 21:13 | Queue | Villager (Male) |
| 21:46 | Queue | Villager (Male) |
| 22:00 | Queue | Arambai |
| 22:17 | Queue | Villager (Male) |
| 23:24 | Queue | Villager (Male) |
| 23:29 | Queue | Arambai |
| 24:28 | Queue | Villager (Male) |
| 25:54 | Queue | Villager (Male) |
| 25:57 | Build | Monastery |
| 26:27 | Queue | Villager (Male) |
| 26:38 | Queue | Villager (Male) |
| 26:41 | Build | Farm |
| 26:43 | Build | Farm |
| 26:48 | Queue | Monk |
| 27:12 | Queue | Villager (Male) |
| 27:26 | Queue | Villager (Male) |
| 27:37 | Queue | Monk |
| 27:50 | Queue | Villager (Male) |
| 28:02 | Build | House |
| 28:04 | Build | House |
| 28:14 | Queue | Villager (Male) |
| 28:28 | Queue | Monk |
| 28:36 | Research | Gold Mining |
| 29:05 | Queue | Villager (Male) |
| 29:12 | Queue | Villager (Male) |
| 29:42 | Research | Atonement |
| 29:42 | Queue | Villager (Male) |
| 29:46 | Queue | Villager (Male) |
| 29:56 | Build | Monastery |
| 29:59 | Build | Mill |
| 30:03 | Research | Sanctity |
| 30:03 | Queue | Villager (Male) |
| 30:05 | Queue | Monk |
| 30:11 | Build | Mining Camp |
| 30:20 | Queue | Arambai |
| 30:20 | Queue | Villager (Male) |
| 30:28 | Queue | Villager (Male) |
| 30:41 | Research | Fervor |
| 31:07 | Queue | Villager (Male) |
| 31:08 | Queue | Arambai |
| 31:24 | Queue | Villager (Male) |
| 31:26 | Queue | Arambai |
| 31:49 | Queue | Monk |
| 31:52 | Queue | Monk |
| 31:55 | Build | Farm |
| 32:09 | Queue | Villager (Male) |
| 32:12 | Build | Farm |
| 32:51 | Queue | Villager (Male) |
| 32:52 | Queue | Monk |
| 32:52 | Queue | Monk |
| 33:07 | Queue | Villager (Male) |
| 33:24 | Build | House |
| 33:25 | Build | House |
| 33:26 | Build | Mining Camp |
| 33:33 | Queue | Battering Ram |
| 33:34 | Queue | Villager (Male) |
| 34:06 | Queue | Villager (Male) |
| 34:10 | Queue | Arambai |
| 34:10 | Queue | Arambai |
| 34:16 | Build | Lumber Camp |
| 34:21 | Queue | Villager (Male) |
| 34:24 | Queue | Monk |
| 34:40 | Queue | Villager (Male) |
| 34:42 | Queue | Arambai |
| 34:42 | Queue | Arambai |
| 34:42 | Queue | Villager (Male) |
| 34:43 | Queue | Villager (Male) |
| 35:20 | Queue | Villager (Male) |
| 35:24 | Queue | Mangonel |
| 35:32 | Build | Town Center |
| 35:34 | Queue | Villager (Male) |
| 35:48 | Build | Lumber Camp |
| 35:49 | Queue | Villager (Male) |
| 35:51 | Queue | Monk |
| 35:53 | Queue | Arambai |
| 35:53 | Queue | Arambai |
| 36:33 | Queue | Villager (Male) |
| 36:41 | Queue | Villager (Male) |
| 36:48 | Queue | Villager (Male) |
| 36:53 | Build | Farm |
| 36:53 | Build | Farm |
| 36:54 | Build | Farm |
| 36:54 | Build | Farm |
| 36:54 | Build | Farm |
| 36:54 | Build | Farm |
| 36:55 | Build | Farm |
| 36:57 | Research | Horse Collar |
| 37:10 | Queue | Villager (Male) |
| 37:25 | Build | Mining Camp |
| 37:28 | Queue | Mangonel |
Match timeline
| 5:23 | moneymickey · wall_segment Palisade Wall x1 |
| 5:26 | moneymickey · wall_segment Palisade Wall x1 |
| 5:28 | moneymickey · wall_segment Palisade Wall x1 |
| 8:23 | moneymickey · wall_segment Palisade Wall x1 |
| 8:25 | moneymickey · wall_segment Palisade Wall x1 |
| 8:26 | moneymickey · wall_segment Palisade Wall x1 |
| 8:30 | moneymickey · wall_segment Palisade Wall x1 |
| 9:16 | moneymickey · age_up feudal |
| 9:45 | moneymickey · first_building Barracks |
| 10:25 | moneymickey · wall_segment Stone Wall x1 |
| 10:39 | ConsciousCactus · age_up feudal |
| 10:41 | moneymickey · wall_segment Stone Wall x1 |
| 11:13 | moneymickey · wall_segment Stone Wall x1 |
| 11:24 | moneymickey · wall_segment Stone Wall x1 |
| 11:29 | moneymickey · wall_segment Stone Wall x1 |
| 11:44 | ConsciousCactus · first_market_sell 100 stone |
| 11:52 | ConsciousCactus · first_market_buy 100 food |
| 14:33 | moneymickey · wall_segment Stone Wall x1 |
| 14:34 | moneymickey · wall_segment Stone Wall x1 |
| 14:39 | ConsciousCactus · age_up castle |
| 15:07 | ConsciousCactus · first_building Castle |
| 16:30 | moneymickey · wall_segment Stone Wall x1 |
| 16:33 | moneymickey · wall_segment Stone Wall x1 |
| 16:34 | moneymickey · wall_segment Stone Wall x1 |
| 17:59 | ConsciousCactus · first_building Siege Workshop |
| 18:28 | moneymickey · wall_segment Stone Wall x1 |
| 18:32 | moneymickey · wall_segment Stone Wall x1 |
| 21:29 | moneymickey · first_market_sell 100 wood |
| 21:31 | moneymickey · first_market_buy 100 stone |
| 22:43 | moneymickey · age_up castle |
| 24:33 | moneymickey · wall_segment Stone Wall x1 |
| 25:25 | moneymickey · first_building Monastery |
| 25:57 | ConsciousCactus · first_building Monastery |
| 31:51 | moneymickey · first_building Castle |
| 35:32 | moneymickey · first_building Siege Workshop |
| 37:25 | moneymickey · first_building Stable |
| 37:58 | moneymickey · age_up imperial |
| 39:05 | ConsciousCactus · resign |
[ AI ANALYSIS · 1 CREDIT ]
What really happened in this match?
Wolo.gg analyzes every decision: build order, eco, micro, common mistakes by bracket. Personalized analysis on WhatsApp or Discord in 30 seconds.
Civ guide
Teutons
Perfil
Jugador #488095